 Dungeon Crawl Stone Soup version 0.16.0-8-gd9ae3a8 (webtiles) character file.

404 biguglyfish the Cleaver (level 6, 33/51 HPs)
             Began as a Minotaur Berserker on Mar 15, 2015.
             Was a Priest of Trog.
             Starved to death
             ... on level 4 of the Dungeon on Mar 16, 2015.
             The game lasted 00:27:24 (4203 turns).

biguglyfish the Cleaver (Minotaur Berserker)        Turns: 4203, Time: 00:27:24

Health: 33/51      AC: 10    Str: 20    XL:     6   Next: 56%
Magic:  3/3        EV: 12    Int:  7    God:    Trog [***...]
Gold:   249        SH:  0    Dex: 15    Spells: 0 memorised, 5 levels left

rFire  x . .     SeeInvis .     f - +0 war axe
rCold  + . .     Clarity  .     b - +3 leather armour of the Yeti {rF- rC+ Str-2 Int+2 Dex+5}
rNeg   . . .     SustAb   .     (no shield)
rPois  .         Gourm    .     (helmet restricted)
rElec  .         Spirit   .     v - +0 cloak
rCorr  .         Warding  .     (no gloves)
rMut   .         Rnd*Tele +     h - +2 pair of boots {Stlth+}
MR     .....                    (no amulet)
Stlth  ++........               u - ring of teleportation (curse)
                                s - ring of teleport control

@: starving, not resistant to hostile enchantments, unstealthy
A: retaliatory headbutt, horns 2
a: Burn Spellbooks, Berserk, Trog's Hand, Renounce Religion, Evoke
Teleportation, Evoke Teleport Control


You were on level 4 of the Dungeon.
You worshipped Trog.
Trog was most pleased with you.
You were starving.

You visited 1 branch of the dungeon, and saw 4 of its levels.

You collected 249 gold pieces.

Inventory:

Hand weapons
 a - a +0 hand axe
 f - a +0 war axe (weapon)
 r - a +4 club
Missiles
 k - 21 stones (quivered)
Armour
 b - the +3 leather armour of the Yeti (worn) {rF- rC+ Str-2 Int+2 Dex+5}
   (You found it on level 4 of the Dungeon)

   It affects your strength (-2).
   It affects your intelligence (+2).
   It affects your dexterity (+5).
   It makes you vulnerable to fire.
   It protects you from cold.
 d - a +0 chain mail
 h - a +2 pair of boots of stealth (worn)
 v - a +0 cloak (worn)
Jewellery
 s - a ring of teleport control (left hand)
 u - a cursed ring of teleportation (right hand)
Magical devices
 l - a wand of magic darts (44)
Scrolls
 g - a scroll of remove curse {unknown}
 n - 3 scrolls of recharging
 p - a scroll of noise {unknown}
Potions
 e - a potion of mutation {unknown}
 i - 2 potions of agility {unknown}
 j - 2 potions of might {unknown}
 m - 2 potions of heal wounds {unknown}
 o - 2 potions of curing {unknown}
 q - a potion of brilliance
Comestibles
 c - 2 bread rations
 w - a royal jelly


   Skills:
 - Level 3.6 Fighting
 + Level 9.0 Axes
 - Level 2.4 Armour
 - Level 2.1 Dodging


You had 5 spell levels left.
You didn't know any spells.

Dungeon Overview and Level Annotations

Branches:
Dungeon (4/15)
 Temple: D:4-7

Altars:
Gozag
Ru

Shops:
D:4 (


Innate Abilities, Weirdness & Mutations

You reflexively headbutt those who attack you in melee.
You have a pair of horns on your head.


Message History

You lose consciousness!
You can move again.
You lose consciousness!
You can move again.
You lose consciousness!
You can move again.
Your surroundings suddenly seem different.
A hobgoblin comes into view.
The hobgoblin shouts!
The hobgoblin closely misses you.
The hobgoblin hits you but does no damage.
The hobgoblin misses you. You furiously retaliate!
You headbutt the hobgoblin.
You lose consciousness!
The hobgoblin hits you but does no damage. x6
The hobgoblin hits you.
Your surroundings suddenly seem different.
You can move again.
Your surroundings suddenly seem different.
You have starved to death.
You die...

.#####.....#..#.......##...†.)..#
..........P#..#..####...).####.##
######....P#'##.)'..#.##.## #<#
####)...P#..#..#..#....# #.#
##...).#..#..#..####.#### #.#
##..###.#.P####.....P.# ##.#
#..## #...............# ##..#
..## ##......####.#### #...# .##
######...@..# #...# .##########
#####.####### #...#
..........#######.......# #...#
♣########...............# ##.## #
#########.......# ### # ##......#
#..<...# ########


There were no monsters in sight!

Vanquished Creatures
  An ogre (D:4)
  A hound (D:4)
  2 orc priests (D:4)
  2 worker ants (D:4)
  An orc wizard (D:4)
  Ijyb (D:3)
  Robin (D:2)
  2 adders
  3 worms
  2 oozes
  9 orcs
  3 ball pythons
  6 bats
  A bat skeleton (D:4)
  2 giant cockroaches (D:3)
  15 goblins
  12 hobgoblins
  8 kobolds
  2 giant newts (D:2)
  3 quokkas
  7 rats
84 creatures vanquished.

Notes
Turn   | Place    | Note
--------------------------------------------------------------
     0 | D:1      | biguglyfish, the Minotaur Berserker, began the quest for the Orb.
     0 | D:1      | Reached XP level 1. HP: 19/19 MP: 1/1
   160 | D:1      | Reached skill level 4 in Axes
   346 | D:1      | Reached XP level 2. HP: 19/26 MP: 1/1
   892 | D:2      | Acquired Trog's second power
  1089 | D:2      | Noticed Robin
  1094 | D:2      | Reached skill level 5 in Axes
  1098 | D:2      | Reached XP level 3. HP: 29/31 MP: 2/2
  1100 | D:2      | Killed Robin
  1479 | D:2      | Found a sacrificial altar of Ru.
  1479 | D:2      | Found an opulent altar of Gozag.
  1756 | D:3      | Noticed Ijyb
  1777 | D:3      | Killed Ijyb
  1777 | D:3      | Reached skill level 6 in Axes
  1777 | D:3      | Reached XP level 4. HP: 18/39 MP: 2/2
  2541 | D:4      | Found Cusaru's Weapon Shop.
  2653 | D:4      | Noticed an ogre
  2658 | D:4      | Killed an ogre
  2658 | D:4      | Reached skill level 7 in Axes
  2658 | D:4      | Reached XP level 5. HP: 45/45 MP: 2/2
  2786 | D:4      | Got a fine leather armour
  2797 | D:4      | Identified the +3 leather armour of the Yeti {rF- rC+ Str-2 Int+2 Dex+5} (You found it on level 4 of the Dungeon)
  3037 | D:4      | Reached skill level 8 in Axes
  3189 | D:4      | Reached XP level 6. HP: 51/51 MP: 3/3
  3367 | D:4      | Upgraded the game from 0.16.0-6-gad6103a to 0.16.0-8-gd9ae3a8
  4016 | D:4      | Reached skill level 9 in Axes
  4203 | D:4      | Starved to death

Action                   |  1- 3 |  4- 6 || total
-------------------------+-------+-------++-------
Melee: Hand axe          |    88 |    37 ||   125
       Club              |       |    22 ||    22
       War axe           |       |    36 ||    36
Invok: Berserk           |     1 |     1 ||     2
       Burn Spellbooks   |       |     1 ||     1
  Use: Scroll            |       |     6 ||     6
 Stab: Sleeping          |     1 |     4 ||     5
  Eat: Chunk             |     2 |     3 ||     5
       Bread ration      |       |     1 ||     1
